 Dungeon Crawl Stone Soup version 0.14.0-26-g1682e81 (webtiles) character file.

15048 RogerD the Hoplite (level 11, 0/142 HPs)
             Began as a Minotaur Fighter on Apr 26, 2014.
             Was a High Priest of Okawaru.
             Slain by a soldier ant (5 damage)
             ... on Level 5 of the Lair of Beasts on Apr 27, 2014.
             The game lasted 01:54:43 (11851 turns).

RogerD the Hoplite (Minotaur Fighter)              Turns: 11851, Time: 01:54:43

HP   0/142       AC 28     Str 27      XL: 11   Next: 88%
MP   3/3         EV  1     Int  8      God: Okawaru [*****.]
Gold 630         SH 22     Dex 10      Spells:  0 memorised, 10 levels left

rFire  + . .     SeeInvis .     S - +3,+1 war axe (antimagic)
rCold  . . .     Clarity  .     w - melded +0 plate armour
rNeg   + + +     Conserve .     c - +0 shield
rPois  +         rCorr    .     T - +0 hat {Int+3}
rElec  .         rRot     .     M - melded +1 cloak {rCorr, Cons}
SustAb . .       Spirit   .     N - melded +2 pair of gloves
rMut   .         Warding  .     (boots currently unavailable)
Gourm  +         NoTele   +     y - amulet of the gourmand
MR     .....                    A - ring of protection from fire
                                E - +3 ring of protection

@: tree-form, mighty, lethally poisoned, not resistant to hostile enchantments,
fairly stealthy
A: (retaliatory headbutt), (horns 0), carnivore 1, clumsy 1, slow healing 1
a: Heroism, Finesse, Renounce Religion


You were on level 5 of the Lair of Beasts.
You worshipped Okawaru.
Okawaru was extremely pleased with you.
You were not hungry.
You were an animated tree.
You visited 3 branches of the dungeon, and saw 15 of its levels.
You also visited: Labyrinth.

You collected 630 gold pieces.

Inventory:

Hand weapons
 S - a +3,+1 anti-magic war axe (weapon)
Armour
 c - a +0 shield (worn)
 u - a +0 pair of gloves of archery
 w - a +0 plate armour (melded)
 M - a +1 cloak of preservation (melded)
 N - a +2 pair of gloves (melded)
 T - a +0 hat of intelligence (worn)
Magical devices
 b - a wand of heal wounds (5) {unknown}
 r - a wand of polymorph (7)
 C - a wand of draining (0)
 F - a wand of lightning (2)
 I - a wand of slowing (10)
 L - a wand of cold (1)
 Q - a wand of slowing (11)
 U - a wand of fireball (0)
 X - a wand of fire (6)
 Z - a wand of draining (9)
Comestibles
 a - 3 cheeses
 d - 7 bread rations
 g - 3 beef jerkies
 j - 11 rambutans
 o - 4 pears
 p - 6 honeycombs
 O - 18 strawberries
 V - 4 chokos
Scrolls
 h - 4 scrolls of remove curse
 m - 4 scrolls of teleportation
 s - 3 scrolls of fog
 v - 3 scrolls of fear
 x - 4 scrolls of identify
 H - a scroll of enchant weapon II {unknown}
 K - a scroll of enchant weapon I
 W - a scroll of enchant weapon III {unknown}
Jewellery
 y - an amulet of the gourmand (around neck)
 A - a ring of protection from fire (right branch)
 B - an uncursed amulet of rage {unknown}
 E - a +3 ring of protection (left branch)
 G - an uncursed amulet of faith
 R - an uncursed ring of protection from cold
 Y - an uncursed ring of teleport control
Potions
 e - a potion of might
 f - a potion of porridge
 i - a potion of lignification
 k - a potion of mutation
 n - 3 potions of brilliance
 P - 2 potions of restore abilities
Miscellaneous
 l - a box of beasts {used: 2}
 t - a plain deck of changes {drawn: 2}
Rods
 D - a +5 lightning rod (9/9)
   (You found it in a labyrinth)


   Skills:
 + Level 8.5 Fighting
 + Level 11.5 Axes
 + Level 0.8 Throwing
 + Level 10.4 Armour
 + Level 8.5 Dodging
 + Level 1.5 Stealth
 + Level 12.1 Shields
 + Level 3.5 Evocations


You had 10 spell levels left.
You didn't know any spells.

Dungeon Overview and Level Annotations

Branches:
Dungeon (9/15)             Temple (1/1) D:5            Lair (5/8) D:9
    Orc: D:9-12       Swamp: Lair:3-6    Shoals: Lair:3-6     Snake: Lair:3-6
 Spider: Lair:3-6

Altars:
Ashenzari
Cheibriados
Dithmenos
Elyvilon
Fedhas
Kikubaaqudgha
Makhleb
Nemelex Xobeh
Okawaru
Sif Muna
Trog
Vehumet
Xom
Yredelemnul
Zin
The Shining One

Annotations:
D:8 Joseph


Innate Abilities, Weirdness & Mutations

((You reflexively headbutt those who attack you in melee.))*
((You have a pair of horns on your head.))*
Your digestive system is specialised to digest meat.
You are clumsy. (Dex -2)
You heal slowly when monsters are visible.


Message History

* * * LOW HITPOINT WARNING * * *
You feel very sick.
Drink which item? (? for menu, Esc to quit)
You turn into an animated tree.
Your +1 cloak of preservation melds into your body.
Your +2 pair of gloves melds into your body.
Your +0 plate armour melds into your body.
Your roots penetrate the ground.
* * * LOW HITPOINT WARNING * * *
You feel sick.
The soldier ant stings you but does no damage.
Unknown command.
Unknown command.
Unknown command.
Unknown command.
Unknown command.
* * * LOW HITPOINT WARNING * * *
You feel very sick. The soldier ant stings you.
You die...

..# ##.## ... ##..# .
#.## #...## f. #..
##...# #.. #.#####..f#
#.f ##..##....## #...
####...#....##
..##...##a##...f....#.#
........aaaa♣........#
.......#a###..##........
...#.#%%# #........#..#
# #.#a#.# #........#.##
#..a#a# ##..#.....##
[.#a..aa.#..###...##
.#..#..a...### .....
......#a#a.# #..
.a#..#....#


You could see 2 soldier ants and 4 worker ants.

Vanquished Creatures
  A minotaur (Lab)
  A hydra (Lair:2)
  Pikel (D:7)
  The ghost of Banei the Slasher, an experienced HEFE of Okawaru (D:7)
  2 spiny frogs
  A queen ant (Lair:5)
  A gargoyle (D:8)
  Psyche (D:8)
  A fire drake (Lair:3)
  A boulder beetle (Lair:3)
  A grizzly bear (Lair:4)
  4 blink frogs (Lair:2)
  Eustachio (D:7)
  15 yaks
  2 hippogriffs (Lair:2)
  A deep elf mage (D:9)
  Edmund (D:8)
  6 wolves (Lair:1)
  6 soldier ants (Lair:5)
  2 water moccasins
  A porcupine (Lair:3)
  A yellow wasp (D:9)
  3 sky beasts
  3 ice beasts
  2 orc warriors
  4 ogres
  3 crocodiles
  A phantom (D:7)
  A boring beetle (D:9)
  10 giant frogs
  2 big kobolds
  A brain worm (D:9)
  4 centaurs
  A giant slug (Lair:4)
  Blork the orc (D:5)
  2 scorpions (D:6)
  4 killer bees (D:8)
  2 eyes of draining (D:7)
  2 crimson imps (D:7)
  A quasit (D:7)
  A giant frog zombie (D:6)
  4 hounds
  An orc priest (D:8)
  9 wights
  2 jellies
  7 orc wizards
  A two-headed ogre zombie (D:6)
  Crazy Yiuf (D:5)
  A black bear zombie (D:8)
  A giant frog skeleton (D:5)
  13 worker ants
  8 iguanas
  3 gnolls (D:5)
  2 shadow imps
  10 adders
  A giant mite (D:3)
  12 green rats
  3 worms
  An ufetubus (D:7)
  An adder skeleton (D:5)
  2 orc skeletons
  A giant eyeball (D:5)
  An ooze (D:3)
  29 orcs
  2 bat zombies (D:7)
  5 giant cockroaches
  11 hobgoblins
  9 quokkas
  3 ball pythons
  15 bats
  7 giant geckos
  2 giant newts
  10 goblins
  A goblin skeleton (D:3)
  A goblin zombie (D:5)
  9 jackals
  18 kobolds
  A kobold zombie (D:8)
  25 rats
  3 fungi
336 creatures vanquished.

Vanquished Creatures (others)
  3 slaves (D:7)
  An iguana (D:7)
  A worm (D:7)
  A kobold (D:7)
  A rat (D:7)
7 creatures vanquished.

Grand Total: 343 creatures vanquished

Notes
Turn   | Place    | Note
--------------------------------------------------------------
     0 | D:1      | RogerD, the Minotaur Fighter, began the quest for the Orb.
     0 | D:1      | Reached XP level 1. HP: 19/19 MP: 1/1
   257 | D:1      | Reached XP level 2. HP: 27/27 MP: 1/1
   293 | D:1      | Reached skill level 4 in Fighting
   727 | D:2      | Reached XP level 3. HP: 30/33 MP: 2/2
  1557 | D:3      | Reached skill level 1 in Dodging
  1563 | D:3      | Reached XP level 4. HP: 40/40 MP: 2/2
  2258 | D:4      | Noticed an ogre
  2269 | D:4      | Killed an ogre
  2269 | D:4      | Reached XP level 5. HP: 24/47 MP: 2/2
  2363 | D:4      | Reached skill level 5 in Armour
  2521 | D:4      | Reached XP level 6. HP: 53/53 MP: 3/3
  2986 | D:4      | Reached skill level 5 in Shields
  2991 | D:5      | Entered Level 5 of the Dungeon
  3122 | D:5      | Reached XP level 7. HP: 47/60 MP: 3/3
  3215 | D:5      | Paralysed by a giant eyeball for 2 turns
  3220 | D:5      | Paralysed by a giant eyeball for 4 turns
  3238 | D:5      | Reached skill level 5 in Axes
  3260 | D:5      | Noticed Blork the orc
  3277 | D:5      | Killed Blork the orc
  3365 | D:5      | Reached skill level 5 in Fighting
  3622 | D:5      | Found a staircase to the Ecumenical Temple.
  3671 | Temple   | Entered the Ecumenical Temple
  3934 | Temple   | Became a worshipper of Warmaster Okawaru
  3976 | D:5      | Noticed Crazy Yiuf
  3979 | D:5      | Killed Crazy Yiuf
  3979 | D:5      | Reached skill level 6 in Shields
  3991 | D:5      | Identified a +1 cloak of preservation (You took it off Crazy Yiuf on level 5 of the Dungeon)
  4290 | D:6      | Reached XP level 8. HP: 66/68 MP: 3/3
  4310 | D:6      | Found a sparkling altar of Nemelex Xobeh.
  4528 | D:6      | Reached skill level 5 in Dodging
  4595 | D:6      | Found a glowing silver altar of Zin.
  4595 | D:6      | Found a glowing golden altar of the Shining One.
  4664 | D:6      | Acquired Okawaru's first power
  4664 | D:6      | Reached skill level 1 in Stealth
  4731 | D:6      | Reached skill level 7 in Shields
  5166 | D:7      | Found a bloodstained altar of Trog.
  5338 | D:7      | Noticed Eustachio
  5352 | D:7      | Killed Eustachio
  5352 | D:7      | Reached skill level 1 in Evocations
  5390 | D:7      | Reached XP level 9. HP: 9/75 MP: 1/5
  5457 | D:7      | Noticed Banei's ghost (experienced HEFE)
  5522 | D:7      | Noticed Pikel
  5534 | D:7      | Killed Pikel
  5534 | D:7      | Reached skill level 8 in Shields
  5613 | D:7      | Killed Banei's ghost
  6408 | D:8      | Noticed Psyche
  6416 | D:8      | Killed Psyche
  6416 | D:8      | Reached skill level 9 in Shields
  7052 | D:8      | Reached XP level 10. HP: 75/84 MP: 2/7
  7404 | D:8      | Noticed a gargoyle
  7416 | D:8      | Killed a gargoyle
  7497 | D:8      | Noticed Joseph
  7544 | D:8      | Noticed Edmund
  7872 | D:8      | Killed Edmund
  8121 | D:9      | Found a bloodstained altar of Trog.
  8229 | D:9      | Reached skill level 10 in Shields
  8761 | D:9      | Found a staircase to the Lair.
  8768 | Lair:1   | Entered Level 1 of the Lair of Beasts
  9090 | Lair:2   | Noticed a seven-headed hydra
  9100 | Lair:2   | Killed a seven-headed hydra
  9100 | Lair:2   | Reached skill level 10 in Axes
  9135 | Lair:2   | Reached XP level 11. HP: 74/92 MP: 3/9
  9418 | Lair:2   | Reached skill level 11 in Shields
  9468 | Lair:2   | Acquired Okawaru's second power
 10249 | Lair:3   | Received a gift from Okawaru
 10613 | Lair:4   | Found a labyrinth entrance.
 10639 | Lab      | Entered a labyrinth
 11039 | Lab      | Noticed a minotaur
 11053 | Lab      | Killed a minotaur
 11053 | Lab      | Reached skill level 10 in Armour
 11738 | Lair:5   | Reached skill level 12 in Shields
 11839 | Lair:5   | Gained mutation: Your digestive system is specialised to digest meat. [potion of mutation]
 11839 | Lair:5   | Gained mutation: You are clumsy. (Dex -2) [potion of mutation]
 11839 | Lair:5   | Gained mutation: You heal slowly when monsters are visible. [potion of mutation]
 11851 | Lair:5   | HP: 5/142 [poison (a potion of poison)]
 11851 | Lair:5   | Slain by a soldier ant

Action                   |  1- 3 |  4- 6 |  7- 9 | 10-12 || total
-------------------------+-------+-------+-------+-------++-------
Melee: War axe           |    96 |   132 |   358 |   604 ||  1190
       Unarmed           |       |       |       |    18 ||    18
Throw: Dart              |     2 |       |       |       ||     2
Evoke: Wand              |       |       |    16 |    20 ||    36
       Deck              |       |       |       |     2 ||     2
       Box of beasts     |       |       |       |     2 ||     2
  Use: Scroll            |       |     1 |     3 |    13 ||    17
       Potion            |       |       |     7 |     5 ||    12
 Stab: Fleeing           |       |       |       |     1 ||     1
